Map: Campi verdi

Players

Bluesummers

  • Race: Terran Terran
  • Spawn Location: 12:00

Magnesium

  • Race: Terran Terran
  • Spawn Location: 3:00

TonyD

  • Race: Protoss Protoss
  • Spawn Location: 1:00

Teomix - Winner!

  • Race: Zerg Zerg
  • Spawn Location: 6:00

alemoppo - Winner!

  • Race: Zerg Zerg
  • Spawn Location: 9:00

simba - Winner!

  • Race: Protoss Protoss
  • Spawn Location: 7:00

VOD

Have the link to the VOD?

Description

bluesummers want to kill me with reapers lol

Time

  • Played on: Sept. 5, 2017, 7:10 p.m.
  • Length: 20:45
Show
View Real Time Build Order
Export as new Build Order

Bluesummers Terran 

Build Orders:  

Get SALT Encoding   

  12  0:00  SCV  
  13  0:13  SCV  
  14  0:18  Supply Depot  
  14  0:25  SCV  
  15  0:39  SCV  
  15  0:41  Barracks  
  16  0:44  Refinery  
  16  0:51  SCV  
  17  0:58  Barracks  
  17  1:05  Refinery  
  17  1:09  SCV  
  18  1:21  Barracks  
  18  1:34  Orbital Command  
  18  1:46  Reaper x2  
  20  2:03  Supply Depot  
  20  2:08  Reaper  
  21  2:11  Supply Depot  
  21  2:18  Reaper x2  
  23  2:27  SCV  
  24  2:34  Supply Depot  
  24  2:40  Reaper  
  25  3:01  Reaper  
  25  3:02  Reaper  
  27  3:12  Reaper  
  27  3:29  SCV  
  27  3:34  Reaper x2  
  30  3:39  Command Center  
  30  3:40  Barracks  
  30  3:44  Reaper  
  29  4:06  Reaper x2  
  29  4:07  SCV  
  32  4:11  Factory  
  32  4:16  Reaper  
  33  4:24  SCV  
  33  4:28  Supply Depot  
  33  4:30  Supply Depot  
  34  4:32  Barracks  
  34  4:38  Reaper x2  
  33  4:53  Orbital Command  
  28  5:21  Reaper x3  
  28  5:24  Factory Reactor  
  28  5:26  SCV  
  31  5:44  Starport  
  31  5:48  Barracks Reactor  
  31  5:56  Barracks Tech Lab  
  31  5:57  Barracks Reactor  
  31  5:59  SCV  
  31  6:00  Marine x2  
  31  6:01  Orbital Command  
  34  6:06  Widow Mine x2  
  39  6:11  SCV  
  39  6:18  Marine x2  
  39  6:38  Barracks Tech Lab x2  
  39  6:51  Marine  
  39  6:52  Marine  
  41  6:54  Medivac x2  
  41  6:57  Marine x4  
  49  7:03  Engineering Bay  
  49  7:07  Engineering Bay  
  49  7:09  Marine x2  
  49  7:15  Marine x4  
  55  7:17  SCV  
  56  7:27  Marine x2  
  58  7:32  Marine  
  58  7:33  Marine x3  
  61  7:39  SCV x2  
  63  7:45  Marine  
  64  7:51  SCV  
  65  8:02  Medivac x2  
  65  8:04  Barracks Reactor  
  69  8:06  Stimpack  
  69  8:11  Missile Turret  
  69  8:14  Missile Turret  
  69  8:15  Missile Turret  
  69  8:36  Missile Turret  
  68  8:42  Widow Mine  
  68  8:43  Widow Mine  
  68  8:45  Terran Infantry Armor Level 1, Terran Infantry Weapons Level 1, Marine x6  
  78  8:53  Supply Depot x2  
  78  8:55  Supply Depot  
  78  9:03  Refinery  
  78  9:05  Refinery  
  78  9:14  Marine x4, SCV  
  81  9:34  Marine x6  
  87  9:40  SCV x2  
  87  9:42  Marine  
  90  9:51  Medivac  
  90  9:52  Marine x3, SCV, Medivac  
  97  10:17  Armory  
  97  10:18  Widow Mine x2  
  97  10:20  Armory  
  97  10:21  Barracks  
  101  10:22  Barracks  
  101  10:23  Barracks x2  
  101  10:24  Medivac  
  101  10:25  Medivac  
  101  10:26  Barracks  
  81  11:18  Marine  
  81  11:19  Marine x6  
  81  11:22  Barracks Tech Lab  
  81  11:23  Barracks Reactor x3, Barracks Tech Lab  
  81  11:24  Combat Shields  
  81  11:25  Concussive Shells  
  88  11:36  Marine  
  88  11:37  Marine x4  
  88  11:38  SCV  
  88  11:39  SCV  
  95  11:44  Command Center  
  92  11:50  SCV  
  78  12:04  Marine  
  78  12:05  Marine x14  
  89  12:09  SCV  
  89  12:10  SCV  
  91  12:22  Marine x2  
  92  12:23  Marine x8  
  101  12:43  Orbital Command  
  96  12:53  Marine  
  96  12:54  Marine x5  
  96  12:55  Marine x5  
  107  13:22  Marauder x2  
  111  13:29  Orbital Command  
  96  14:07  Marine  
  96  14:08  Marine x14  
  111  14:17  Refinery  
  111  14:19  Refinery, Medivac x2  
  115  14:25  Marine x2  
  117  14:39  Supply Depot  
  117  14:40  Marine x6, Supply Depot  
  117  14:41  Marauder  
  125  15:01  Marine x3, Widow Mine  
  125  15:11  Missile Turret  
  125  15:12  Marine, Missile Turret  
  125  15:13  Missile Turret  
  125  15:16  Missile Turret  
  125  15:22  Marine  
  125  15:23  Marine  
  125  15:25  Marauder  
  125  15:27  Marauder  
  123  15:29  Widow Mine  
  125  16:03  Orbital Command  
  125  16:27  Terran Infantry Weapons Level 2, Terran Infantry Armor Level 2  
  125  16:29  Terran Vehicle And Ship Armor Level 1, Terran Ship Weapons Level 1  
  125  16:51  Supply Depot  
  125  16:52  Supply Depot  
  125  17:04  Medivac  
  125  17:06  Medivac  
  119  17:13  Supply Depot  
  108  17:15  Supply Depot  
  85  17:28  Marine x2  
  85  17:29  Marine x13  
  80  17:46  Marine  
  74  18:34  Marine  
  74  18:35  Marine x14  
  89  18:52  Marine  
  89  18:53  Marine x2  
Show
View Real Time Build Order
Export as new Build Order

Magnesium Terran 

Build Orders:  

Get SALT Encoding   

  12  0:03  SCV  
  13  0:17  SCV  
  13  0:18  Supply Depot  
  14  0:29  SCV  
  15  0:36  Refinery  
  15  0:43  Barracks  
  15  0:52  SCV  
  16  1:04  SCV  
  17  1:16  SCV  
  18  1:34  Barracks Reactor  
  18  1:41  Supply Depot  
  18  1:48  Orbital Command  
  18  1:59  Command Center  
  18  2:07  Engineering Bay  
  18  2:18  SCV  
  19  2:23  Marine x2  
  21  2:30  SCV  
  22  2:41  Marine x2  
  22  2:42  SCV  
  25  2:53  Terran Infantry Weapons Level 1  
  25  2:54  SCV  
  26  2:58  Marine x2  
  26  3:02  Factory  
  28  3:05  Refinery  
  28  3:10  SCV  
  29  3:16  Marine x2  
  31  3:21  Orbital Command  
  31  3:22  SCV  
  32  3:34  Marine x2, SCV  
  35  3:46  SCV  
  36  3:52  Marine x2  
  36  3:53  Factory Tech Lab  
  38  4:01  Factory  
  38  4:10  Marine x2  
  38  4:15  Siege Tank  
  43  4:25  Refinery  
  43  4:26  Refinery  
  43  4:27  Marine  
  43  4:28  Marine  
  45  4:45  Marine  
  45  4:48  Command Center  
  45  4:51  Supply Depot  
  46  5:12  Marine x2  
  46  5:13  Supply Depot  
  48  5:15  Factory Tech Lab  
  48  5:17  Siege Tank  
  51  5:30  Marine, Terran Infantry Armor Level 1  
  51  5:31  SCV x2  
  54  5:43  SCV  
  54  5:44  SCV  
  59  5:50  Siege Tank  
  59  5:55  SCV  
  59  5:56  SCV  
  61  6:02  Orbital Command  
  61  6:07  SCV  
  61  6:08  SCV  
  61  6:09  Marine x2  
  65  6:13  Siege Tank  
  68  6:19  SCV  
  68  6:20  SCV  
  68  6:22  Siege Tank, Supply Depot  
  73  6:27  Marine x2  
  73  6:28  SCV  
  73  6:31  SCV  
  77  6:34  Refinery  
  77  6:43  SCV x2  
  77  6:44  Marine  
  77  6:45  Siege Tank, Marine  
  84  6:50  Starport  
  84  6:55  SCV  
  85  7:14  Marine  
  85  7:16  Marine  
  85  7:19  Siege Tank  
  80  7:31  Marine, Cyclone  
  80  7:34  Marine  
  80  7:35  Starport Tech Lab  
  85  7:59  Supply Depot  
  85  8:15  Fusion Core  
  85  8:20  Marine x2  
  85  8:21  SCV x3, Cyclone  
  85  8:22  Supply Depot  
  85  8:23  Starport  
  93  8:42  Refinery  
  93  8:43  Marine x2, SCV x3, Cyclone  
  93  8:45  Supply Depot  
  101  9:05  Banshee  
  101  9:06  Marine x2, SCV x3, Cyclone  
  97  9:15  Cyclone  
  82  9:18  SCV  
  82  9:19  SCV x2  
  82  9:23  Marine  
  80  9:24  Marine  
  80  9:26  Medivac  
  80  9:30  SCV  
  80  9:31  SCV x2  
  86  9:39  Cyclone  
  86  9:41  Marine  
  86  9:42  Marine, SCV, Missile Turret  
  86  9:43  SCV x2  
  92  9:48  Banshee, Cyclone  
  91  9:52  Missile Turret  
  91  9:56  Medivac  
  91  9:59  Marine  
  83  10:00  Marine  
  83  10:01  Missile Turret  
  79  10:11  Siege Tank  
  79  10:17  Marine x2  
  79  10:20  Siege Tank  
  81  10:21  Missile Turret  
  81  10:26  Medivac  
  80  10:31  Banshee  
  80  10:35  Marine x2  
  84  10:42  Missile Turret  
  85  10:43  Siege Tank  
  85  10:45  Armory  
  88  10:50  SCV  
  88  10:51  SCV  
  88  10:52  Siege Tank  
  88  10:53  Marine  
  88  10:54  Marine  
  94  11:03  SCV  
  92  11:10  Marine  
  86  11:12  Marine  
  86  11:14  Banshee  
  84  11:25  Cyclone  
  83  11:26  Cyclone  
  83  11:28  Marine  
  83  11:29  Marine  
  79  11:54  SCV  
  79  11:57  Battlecruiser, Thor  
  92  12:07  SCV  
  93  12:19  SCV  
  94  12:33  Supply Depot  
  94  12:39  Command Center  
  94  12:54  Marine x2, SCV, Cyclone  
  94  12:55  Supply Depot  
  100  12:58  Starport Tech Lab  
  99  13:06  SCV  
  99  13:12  Marine x2  
  102  13:16  Thor  
  102  13:18  Supply Depot  
  102  13:19  SCV  
  109  13:30  Marine  
  110  13:38  Supply Depot  
  110  13:39  Marine, SCV, Cyclone  
  115  13:41  Supply Depot  
  115  13:48  Marine  
  116  13:51  SCV  
  116  13:52  SCV  
  118  14:00  Supply Depot  
  117  14:03  SCV  
  117  14:04  SCV  
  117  14:06  Supply Depot  
  119  14:15  SCV  
  119  14:16  SCV  
  121  14:23  Raven, Supply Depot  
  121  14:24  Raven  
  125  14:27  SCV  
  125  14:28  SCV  
  127  14:39  SCV  
  127  14:40  SCV  
  128  14:47  Supply Depot  
  123  15:06  Raven x2  
  122  15:10  Supply Depot  
  122  15:15  Marine x2  
  124  15:32  Marine  
  124  15:33  Marine, Supply Depot  
  126  15:49  Battlecruiser  
  138  15:50  Marine, Battlecruiser  
  139  16:00  SCV  
  139  16:01  SCV  
  139  16:13  SCV x2  
  139  16:16  Command Center  
  139  16:25  SCV x2  
  139  16:30  Marine x2  
  71  16:48  Marine x2  
  71  16:54  Battlecruiser  
  69  17:06  Marine x2  
  71  17:23  Marine  
  71  17:24  Marine  
  73  17:41  Marine  
  73  17:42  Marine  
  73  17:43  SCV  
  76  17:56  SCV  
  77  18:08  SCV  
  78  18:20  SCV  
  79  18:29  Refinery  
  79  18:30  Fusion Core  
  79  18:31  Refinery  
  79  18:42  Battlecruiser x2  
  23  19:34  Orbital Command  
Show
View Real Time Build Order
Export as new Build Order

TonyD Protoss 

Build Orders:  

Get SALT Encoding   

  12  0:05  Probe (Chrono Boost)  
  13  0:16  Probe (Chrono Boost)  
  14  0:21  Pylon  
  14  0:26  Probe (Chrono Boost)  
  15  0:40  Probe (Chrono Boost)  
  16  0:45  Pylon  
  16  0:50  Probe (Chrono Boost)  
  17  0:57  Assimilator  
  17  1:06  Gateway  
  17  1:10  Gateway  
  17  1:16  Probe (Chrono Boost)  
  18  1:26  Probe (Chrono Boost)  
  18  1:32  Assimilator  
  19  1:37  Probe (Chrono Boost)  
  20  1:47  Probe (Chrono Boost)  
  21  1:58  Probe (Chrono Boost), Gateway  
  22  2:03  Cybernetics Core  
  23  2:08  Probe (Chrono Boost)  
  23  2:17  Zealot  
  23  2:19  Probe (Chrono Boost)  
  26  2:27  Pylon  
  26  2:31  Pylon  
  26  2:46  Nexus  
  26  2:51  Warp Gate  
  26  2:55  Mothership Core (Chrono Boost)  
  28  3:06  Forge  
  28  3:24  Pylon  
  28  3:26  Probe (Chrono Boost)  
  29  3:34  Twilight Council  
  29  3:50  Stalker  
  29  3:51  Stalker x2  
  35  4:01  Photon Cannon  
  35  4:07  Photon Cannon  
  35  4:17  Photon Cannon  
  35  4:27  Dark Shrine  
  35  4:29  Probe (Chrono Boost)  
  36  4:40  Probe (Chrono Boost)  
  37  4:50  Probe (Chrono Boost)  
  37  5:01  Probe (Chrono Boost)  
  34  5:12  Probe (Chrono Boost)  
  35  5:19  Stalker  
  35  5:20  Stalker  
  37  5:22  Probe (Chrono Boost)  
  36  5:33  Stalker, Probe (Chrono Boost)  
  37  5:48  Pylon  
  37  5:51  Pylon  
  37  5:52  Probe (Chrono Boost)  
  37  5:53  Pylon  
  37  5:55  Stalker  
  37  5:56  Stalker  
  42  6:00  Blink (Chrono Boost)  
  42  6:03  Probe (Chrono Boost)  
  43  6:06  Assimilator  
  43  6:08  Assimilator  
  43  6:10  Pylon  
  43  6:13  Probe (Chrono Boost)  
  44  6:22  Probe  
  44  6:25  Gateway  
  45  6:27  Gateway  
  45  6:30  Gateway  
  45  6:33  Probe  
  46  6:43  Probe  
  46  6:50  Stalker x2  
  50  6:54  Stalker, Probe  
  49  7:17  Stalker x2  
  45  7:24  Stalker  
  43  7:32  Stalker x3  
  47  7:43  Stalker x2  
  50  7:48  Protoss Ground Armor Level 1  
  50  7:51  Gateway  
  50  7:57  Gateway  
  50  8:00  Gateway  
  50  8:02  Gateway  
  50  8:10  Dark Templar x3  
  56  8:13  Probe  
  57  8:24  Probe  
  58  8:29  Nexus  
  58  8:33  Pylon  
  56  8:35  Probe, Pylon  
  48  8:54  Dark Templar x2  
  37  9:04  Stalker x2  
  37  9:05  Stalker  
  30  9:30  Stalker x2  
  30  9:31  Stalker  
  32  10:01  Stalker  
  32  10:02  Stalker  
  36  10:08  Probe  
  36  10:11  Probe  
  38  10:18  Probe  
  29  10:29  Probe  
  30  10:41  Dark Templar  
  30  10:42  Dark Templar x2  
  34  11:19  Stalker x4  
  34  11:20  Stalker  
  34  11:25  Assimilator  
  44  11:26  Assimilator  
  44  11:50  Photon Cannon  
  44  11:52  Photon Cannon  
  30  12:15  Stalker x5  
  36  12:21  Probe  
  38  12:24  Pylon  
  39  12:31  Probe  
  40  12:42  Probe  
  41  12:49  Robotics Facility  
  41  12:53  Probe  
  42  13:03  Dark Templar, Probe  
  42  13:04  Dark Templar  
  47  13:25  Stalker x2  
  47  13:26  Stalker  
  47  13:27  Stalker  
  29  14:17  Stalker x2  
  29  14:18  Stalker x3  
  29  14:19  Stalker x2  
  27  14:53  Pylon  
  27  14:57  Pylon  
  27  14:59  Pylon  
  27  15:04  Pylon  
  27  15:05  Pylon  
  27  15:08  Pylon  
  27  15:17  Warp Prism  
  29  16:13  Stalker x2  
  29  16:14  Stalker x4  
  29  16:16  Stalker  
  29  17:21  Zealot x3  
  29  17:22  Zealot x4  
  29  17:59  Stalker x3  
  29  18:00  Stalker x4  
  43  18:23  Stalker x3  
  43  18:24  Stalker x2  
  53  18:42  Zealot x2  
  53  18:48  Zealot x2  
  59  18:49  Zealot  
  59  18:50  Zealot  
  59  18:51  Zealot  
  67  19:17  Stalker x2  
  67  19:18  Stalker x5  
Show
View Real Time Build Order
Export as new Build Order

Teomix Zerg - Winner!

Build Orders: Pool First 

Get SALT Encoding   

  12  0:23  Drone, Spawning Pool  
  12  0:26  Drone  
  13  0:31  Drone  
  14  0:39  Extractor  
  14  0:40  Drone  
  14  0:46  Extractor  
  13  0:50  Overlord  
  13  0:56  Drone  
  14  1:10  Queen  
  16  1:13  Drone  
  17  1:21  Drone  
  18  1:33  Drone  
  19  1:40  Drone  
  20  1:47  Lair  
  20  1:54  Zergling x2  
  20  2:01  Zergling x2  
  22  2:23  Overlord  
  22  2:30  Metabolic Boost  
  22  3:04  Spire  
  21  3:06  Zergling x6  
  21  3:07  Zergling x6  
  27  3:20  Drone x2  
  29  3:44  Overlord x3  
  28  4:05  Zergling x2  
  28  4:06  Zergling x6  
  21  5:21  Mutalisk x5  
  21  5:26  Zerg Flyer Weapons Level 1  
  31  5:52  Mutalisk  
  31  5:53  Mutalisk x3  
  39  6:02  Mutalisk  
  21  7:36  Mutalisk x4  
  21  7:37  Mutalisk  
  30  8:12  Mutalisk  
  30  8:13  Mutalisk  
  34  8:22  Overlord x2  
  34  8:49  Mutalisk x2  
  38  9:36  Mutalisk x2  
  42  9:54  Zerg Flyer Armor Level 1  
  40  11:49  Mutalisk x6  
  52  12:20  Overlord x3  
  52  13:00  Mutalisk x4  
  60  13:43  Hatchery  
  57  15:42  Extractor  
  56  15:44  Drone  
  56  15:45  Drone x2, Extractor  
  58  16:00  Mutalisk x2  
  62  16:07  Overlord x2  
  62  16:08  Overlord  
  48  17:18  Drone x2  
  48  17:19  Drone  
  49  17:54  Mutalisk x3  
  49  17:58  Queen  
  57  18:28  Mutalisk x2  
  61  18:38  Drone x3  
Show
View Real Time Build Order
Export as new Build Order

alemoppo Zerg - Winner!

Build Orders: Pool First 

Get SALT Encoding   

  12  0:01  Drone  
  13  0:12  Overlord  
  13  0:17  Drone  
  14  0:24  Extractor  
  14  0:25  Drone  
  15  0:31  Drone  
  15  0:35  Drone  
  17  0:40  Extractor  
  16  0:50  Spawning Pool  
  15  1:17  Hatchery  
  14  1:21  Drone  
  14  1:25  Drone  
  16  1:30  Drone  
  17  1:35  Drone  
  18  1:43  Metabolic Boost  
  18  1:47  Drone  
  19  1:57  Overlord  
  19  2:06  Zergling x2  
  20  2:13  Queen  
  22  2:16  Zergling x2  
  23  2:27  Zergling x2  
  24  2:35  Queen  
  24  2:36  Zergling x2  
  25  2:44  Zergling x4  
  25  3:00  Queen  
  25  3:05  Zergling x2  
  27  3:06  Zergling x2  
  27  3:11  Queen  
  30  3:15  Zergling x4  
  30  3:25  Zergling x6  
  29  3:33  Zergling x2  
  29  3:34  Zergling x2  
  31  3:40  Zergling x4  
  33  3:44  Zergling x2  
  33  3:59  Zergling x6  
  33  4:02  Overlord  
  36  4:08  Extractor  
  35  4:21  Zergling x8  
  37  4:43  Drone x5  
  36  4:46  Drone  
  34  4:56  Zergling x4  
  34  4:57  Zergling x2  
  32  5:08  Spore Crawler  
  32  5:10  Spore Crawler  
  32  5:13  Drone  
  31  5:15  Drone  
  32  5:30  Drone x4  
  36  5:39  Drone x2  
  38  5:47  Lair  
  38  5:54  Spine Crawler  
  37  6:02  Drone  
  37  6:03  Roach Warren  
  37  6:04  Drone  
  37  6:06  Drone  
  37  6:10  Drone  
  37  6:27  Spine Crawler  
  37  6:29  Drone  
  37  6:30  Drone x5  
  37  6:31  Drone  
  43  6:34  Overlord  
  43  6:48  Overseer  
  43  6:54  Roach x2  
  43  6:55  Roach x2  
  43  6:56  Overlord x2  
  51  7:20  Roach x3  
  51  7:21  Roach x5  
  64  7:39  Roach  
  64  7:40  Roach  
  64  7:42  Overlord  
  68  7:46  Hatchery  
  68  7:49  Glial Reconstitution  
  67  7:52  Overlord x2  
  67  8:06  Ravager x4  
  67  8:07  Ravager x5  
  67  8:10  Roach  
  67  8:11  Roach  
  80  8:16  Extractor  
  80  8:19  Extractor  
  78  8:23  Roach x2  
  79  8:50  Overseer  
  71  9:13  Roach x3  
  71  9:14  Roach x4  
  68  9:20  Roach  
  68  9:27  Drone x2  
  68  9:28  Drone x8  
  68  9:29  Drone  
  79  9:32  Roach  
  81  9:40  Drone x2  
  80  10:05  Roach  
  80  10:06  Roach x4  
  90  10:07  Overlord x3  
  90  10:11  Overlord x2  
  90  10:34  Roach x7  
  90  10:35  Roach x3  
  110  10:52  Roach x6  
  105  10:59  Roach x3  
  100  11:06  Roach x2  
  100  11:10  Roach  
  88  11:20  Roach x6  
  100  11:26  Queen  
  100  11:27  Spore Crawler  
  100  11:31  Roach  
  103  11:46  Overseer  
  97  11:49  Overseer x2  
  97  11:51  Roach  
  97  11:52  Roach x4  
  103  12:08  Drone x8  
  108  12:09  Drone  
  112  12:18  Extractor  
  112  12:19  Drone x4  
  112  12:20  Extractor  
  114  12:27  Drone x3  
  114  12:28  Drone  
  118  12:31  Roach  
  120  13:14  Spine Crawler  
  119  13:20  Overlord x2  
  119  13:21  Overlord x4  
  115  13:41  Ravager  
  115  13:42  Ravager x3  
  103  13:53  Roach x3  
  103  13:54  Roach x8  
  103  13:55  Roach x2  
  83  14:06  Roach x3  
  75  15:00  Roach  
  75  15:01  Roach x7  
  91  15:11  Tunneling Claws, Hatchery  
  88  15:34  Roach x4  
  96  15:46  Extractor  
  96  15:48  Extractor  
  94  15:53  Spine Crawler  
  94  15:54  Spine Crawler  
  94  15:55  Ravager x3  
  95  16:23  Roach x5  
  62  17:08  Roach x2  
  62  17:09  Roach x8  
  66  17:50  Roach Warren  
  65  18:23  Queen  
  67  18:33  Roach x7  
  67  18:34  Roach x6  
  93  18:40  Ravager x8  
  93  18:41  Ravager x2  
  91  19:20  Overseer x3  
  91  19:23  Lair  
  91  19:29  Spire  
  90  19:35  Spore Crawler  
  89  20:00  Roach  
  89  20:01  Roach x10  
  109  20:13  Roach x2  
Show
View Real Time Build Order
Export as new Build Order

simba Protoss - Winner!

Build Orders:  

Get SALT Encoding   

  12  0:02  Probe (Chrono Boost)  
  13  0:12  Probe (Chrono Boost)  
  14  0:19  Pylon  
  14  0:23  Probe (Chrono Boost)  
  15  0:37  Probe (Chrono Boost)  
  15  0:39  Gateway  
  16  0:48  Probe (Chrono Boost)  
  17  0:55  Assimilator  
  17  0:58  Probe (Chrono Boost)  
  17  1:02  Assimilator  
  18  1:09  Probe (Chrono Boost)  
  19  1:19  Probe (Chrono Boost)  
  20  1:30  Probe (Chrono Boost)  
  20  1:32  Cybernetics Core  
  21  1:41  Probe (Chrono Boost)  
  22  1:51  Nexus  
  22  2:00  Pylon  
  22  2:32  Stargate, Protoss Air Armor Level 1 (Chrono Boost)  
  22  2:38  Pylon  
  22  2:39  Mothership Core  
  24  3:00  Probe  
  25  3:11  Probe  
  25  3:13  Probe  
  25  3:17  Void Ray (Chrono Boost)  
  31  3:22  Probe  
  31  3:25  Probe  
  33  3:32  Probe  
  33  3:37  Probe  
  35  3:43  Probe  
  35  3:46  Pylon  
  36  3:49  Probe  
  36  3:53  Probe  
  36  3:55  Void Ray (Chrono Boost)  
  42  4:01  Probe  
  43  4:04  Assimilator, Probe  
  43  4:09  Pylon  
  44  4:11  Pylon  
  44  4:13  Probe  
  44  4:15  Probe  
  46  4:20  Protoss Air Weapons Level 1 (Chrono Boost)  
  46  4:25  Probe x2  
  46  4:29  Assimilator  
  48  4:36  Probe  
  48  4:37  Void Ray, Probe  
  54  4:46  Probe  
  54  4:48  Stargate  
  54  4:49  Probe  
  56  5:19  Void Ray  
  56  5:41  Void Ray  
  60  5:49  Pylon  
  60  5:52  Pylon  
  60  5:55  Pylon  
  60  5:58  Pylon  
  60  6:00  Pylon  
  60  6:02  Void Ray  
  60  6:03  Forge  
  64  6:23  Void Ray  
  68  6:37  Protoss Shields Level 1  
  68  6:42  Nexus  
  68  6:45  Void Ray  
  68  6:46  Pylon  
  72  6:50  Pylon  
  72  6:53  Pylon  
  72  6:56  Pylon  
  72  6:59  Pylon  
  72  7:02  Pylon  
  72  7:06  Void Ray  
  72  7:07  Pylon  
  76  7:13  Assimilator  
  72  7:17  Assimilator  
  64  7:42  Void Ray  
  60  7:49  Void Ray, Photon Cannon  
  60  7:50  Photon Cannon  
  64  7:53  Photon Cannon  
  64  7:56  Photon Cannon  
  64  7:59  Photon Cannon  
  64  8:01  Photon Cannon  
  64  8:05  Photon Cannon  
  64  8:11  Photon Cannon  
  64  8:13  Photon Cannon  
  64  8:14  Stargate  
  64  8:20  Probe  
  64  8:25  Void Ray  
  69  8:31  Probe  
  69  8:32  Void Ray  
  74  8:41  Probe  
  71  9:38  Void Ray  
  75  9:39  Void Ray  
  75  9:40  Void Ray  
  75  9:43  Probe  
  84  9:53  Probe  
  85  10:04  Probe  
  86  10:13  Fleet Beacon  
  86  10:14  Probe  
  86  10:21  Void Ray x2  
  91  10:23  Void Ray  
  91  10:25  Probe  
  100  11:03  Void Ray  
  104  11:04  Void Ray  
  104  11:05  Void Ray  
  107  11:46  Stargate, Carrier (Chrono Boost), Protoss Air Armor Level 2 (Chrono Boost)  
  125  11:59  Carrier (Chrono Boost)  
  125  12:01  Carrier (Chrono Boost)  
  115  12:52  Carrier (Chrono Boost)  
  115  13:02  Void Ray (Chrono Boost)  
  119  13:19  Void Ray (Chrono Boost)  
  129  13:27  Carrier (Chrono Boost)  
  133  13:41  Void Ray (Chrono Boost)  
  133  14:02  Void Ray (Chrono Boost)  
  137  14:12  Void Ray (Chrono Boost)  
  129  14:46  Void Ray (Chrono Boost)  
  121  15:13  Carrier (Chrono Boost)  
  131  15:14  Void Ray (Chrono Boost)  
  131  15:18  Carrier (Chrono Boost)  
  137  15:25  Carrier (Chrono Boost)  
  137  15:27  Nexus  
  143  15:32  Pylon  
  143  15:35  Pylon  
  143  15:39  Protoss Air Weapons Level 2 (Chrono Boost), Pylon  
  143  15:41  Pylon  
  143  15:43  Pylon  
  143  15:46  Pylon  
  143  15:49  Pylon  
  143  15:54  Assimilator  
  143  15:55  Void Ray, Assimilator  
  147  16:05  Photon Cannon  
  147  16:06  Photon Cannon x2  
  147  16:12  Photon Cannon  
  147  16:13  Photon Cannon  
  147  16:16  Photon Cannon  
  145  16:34  Void Ray  
  145  16:39  Void Ray  
  153  16:48  Void Ray  
  129  17:29  Void Ray  
  127  17:31  Carrier x2  
  127  17:32  Carrier  
  145  18:12  Void Ray  
  149  18:54  Void Ray  
  153  18:57  Void Ray x2  
  153  18:58  Void Ray  
  159  19:39  Void Ray  
  159  19:40  Void Ray  
  167  19:55  Void Ray  
Tags
 
Add a new tag
Caveats
  • Supply blocks, unpowered buildings, or Contaminate may cause inaccurate times.
  • Supply counts are checked every 10 seconds.